 Dungeon Crawl Stone Soup version 0.27-a0-1347-gd8886f0a89 (webtiles) character file.

Game seed: 11677915256613574806

230707 Zonian the Green Death (level 19, -19/163 HPs)
             Began as a Gnoll Conjurer on June 26, 2021.
             Was a High Priest of Fedhas.
             Killed from afar by a deep elf zephyrmancer (27 damage)
             ... with a bolt of lightning
             ... on level 3 of the Elven Halls on June 27, 2021.
             The game lasted 04:29:06 (83211 turns).

Zonian the Green Death (Gnoll Conjurer)            Turns: 83211, Time: 04:29:19

Health: -19/163    AC: 15    Str: 12    XL:     19   Next: 48%
Magic:  16/36      EV: 23    Int: 25    God:    Fedhas [*****.]
Gold:   1328       SH:  8    Dex: 15    Spells: 2/44 levels left

rFire    + . .     SeeInvis +   q - +4 demon whip (venom)
rCold    . . .     Faith    .   I - +1 buckler
rNeg     + + .     Spirit   .   y - +2 robe of Urghol {Str+2 Int+2 SInv}
rPois    +         Reflect  .   v - +2 helmet {SInv}
rElec    .         Harm     .   N - +2 ratskin cloak {*Rats rPois rN+ Str-1 Int-1 Dex+1}
rCorr    +         Rampage  .   (no gloves)
Will     +....                  B - +2 pair of boots
Stlth    +++++.....             Z - amulet of Vitality {Regen+ HP+15}
HPRegen  1.37/turn              m - ring of the Voivode {EV+4 Int+7 Dex+2}
MPRegen  0.25/turn              s - ring "Ixtoegaj" {rF+ rN+ rCorr Int-3 Slay+5}

@: no status effects
A: fangs 1, strong nose, distributed training
}: 1/15 runes: serpentine
a: Renounce Religion, Wall of Briars, Grow Ballistomycete, Overgrow, Grow Oklob


You were on level 3 of the Elven Halls.
You worshipped Fedhas.
Fedhas was extremely pleased with you.
You visited 5 branches of the dungeon, and saw 30 of its levels.
You also visited: Bailey.

You collected 4108 gold pieces.
You spent 2780 gold pieces at shops.

Inventory:

Hand Weapons
 q - a +4 demon whip of venom (weapon)
 r - a +5 long sword of venom
 H - the +11 mace of Ogait {chaos, Int+5 Stlth+}
   (You found it on level 14 of the Dungeon)

   Each time it hits an enemy it has a different, random effect.
   Int:       It affects your intelligence (+5).
   Stlth:     It makes you more stealthy.
 J - a +2 hunting sling of freezing
 W - a +0 broad axe of freezing
Missiles
 c - 13 javelins
 l - 132 sling bullets
 P - 6 silver javelins
 R - 59 poisoned darts
 T - 5 curare-tipped darts
Armour
 v - a +2 helmet of see invisible (worn)
 y - the +2 robe of Urghol (worn) {Str+2 Int+2 SInv}
   (You found it on level 13 of the Dungeon)

   Str:       It affects your strength (+2).
   Int:       It affects your intelligence (+2).
   SInv:      It lets you see invisible.
 B - a +2 pair of boots (worn)
 I - a +1 buckler (worn)
 N - the +2 ratskin cloak (worn) {*Rats rPois rN+ Str-1 Int-1 Dex+1}
   (You bought it in a shop on level 1 of the Snake Pit)

   Str:       It affects your strength (-1).
   Int:       It affects your intelligence (-1).
   Dex:       It affects your dexterity (+1).
   rPois:     It protects you from poison.
   rN:        It protects you from negative energy.
Jewellery
 h - a +6 ring of intelligence
 m - the ring of the Voivode (left hand) {EV+4 Int+7 Dex+2}
   (You found it on level 2 of the Orcish Mines)

   [ring of evasion]

   EV:        It affects your evasion (+4).
   Int:       It affects your intelligence (+7).
   Dex:       It affects your dexterity (+2).
 o - a ring of magical power
 s - the ring "Ixtoegaj" (right hand) {rF+ rN+ rCorr Int-3 Slay+5}
   (You took it off a goblin in a bailey)

   [ring of resist corrosion]

   Int:       It affects your intelligence (-3).
   Slay:      It affects your accuracy & damage with ranged weapons and melee
   (+5).
   rF:        It protects you from fire.
   rN:        It protects you from negative energy.
   rCorr:     It protects you from acid and corrosion.
 A - a +6 ring of strength
 C - a ring of see invisible
 M - a ring of wizardry
 Z - the amulet of Vitality (around neck) {Regen+ HP+15}
   (You found it on level 10 of the Dungeon)

   [amulet of regeneration]

   HP:        It affects your health (+15).
   Regen:     It increases your rate of health regeneration.
Wands
 j - a wand of acid (8)
 u - a wand of charming (10)
 z - a wand of mindburst (6)
 G - a wand of digging (2)
 K - a wand of iceblast (9)
 V - a wand of flame (54)
Scrolls
 a - a scroll of holy word
 b - a scroll of amnesia
 e - a scroll of silence
 f - 7 scrolls of identify
 E - 6 scrolls of teleportation
 F - 3 scrolls of magic mapping
 L - 3 scrolls of fog
 X - 2 scrolls of fear
Potions
 d - 9 potions of curing
 g - 5 potions of cancellation
 i - 5 potions of brilliance
 k - 4 potions of lignification
 n - a potion of invisibility
 p - 2 potions of haste
 t - 3 potions of heal wounds
 w - 3 potions of ambrosia
 O - 3 potions of resistance
 U - a potion of berserk rage
 Y - 4 potions of flight
Miscellaneous
 x - a condenser vane
 Q - a lightning rod (4/4)


   Skills:
 + Level 12.6 Fighting
 + Level 12.6 Short Blades
 + Level 12.6 Long Blades
 + Level 12.6 Axes
 + Level 12.6 Maces & Flails
 + Level 12.6 Polearms
 + Level 12.6 Staves
 + Level 12.6 Slings
 + Level 12.6 Bows
 + Level 12.6 Crossbows
 + Level 12.6 Throwing
 + Level 12.6 Armour
 + Level 13.3 Dodging
 + Level 13.2 Stealth
 + Level 12.6 Shields
 + Level 12.6 Unarmed Combat
 + Level 13.4 Spellcasting
 + Level 12.6 Conjurations
 + Level 10.8 Hexes
 + Level 10.8 Summonings
 + Level 10.8 Necromancy
 + Level 10.8 Translocations
 + Level 10.8 Transmutations
 + Level 10.8 Fire Magic
 + Level 10.8 Ice Magic
 + Level 10.8 Air Magic
 + Level 10.8 Earth Magic
 + Level 10.8 Poison Magic
 + Level 13.6 Invocations
 + Level 12.6 Evocations


You had 2 spell levels left.
You knew the following spells:

 Your Spells              Type           Power      Damage    Failure   Level
a - Magic Dart            Conj           100%       1d8       1%          1
b - Searing Ray           Conj           100%       3d7       1%          2
c - Dazzling Flash        Conj/Hex       100%       N/A       1%          3
d - Mephitic Cloud        Conj/Pois/Air  65%        N/A       1%          3
e - Iskenderun's Mystic   Conj/Tloc      66%        2d14      1%          4
f - Fulminant Prism       Conj/Hex       33%        3d16      1%          4
g - Freezing Cloud        Conj/Ice/Air   32%        6-21      1%          5
h - Summon Lightning Spi  Summ/Air       63%        N/A       1%          4
i - Fireball              Conj/Fire      33%        3d14      1%          5
j - Blink                 Tloc           N/A        N/A       1%          2
k - Metabolic Englaciati  Hex/Ice        31%        N/A       1%          5
l - Airstrike             Air            31%        N/A       1%          4

Your spell library contained the following spells:

 Spells                   Type           Power      Damage    Failure   Level
 Animate Skeleton         Necr           100%       N/A       1%          1
 Apportation              Tloc           100%       N/A       1%          1
 Corona                   Hex            70%        N/A       1%          1
 Foxfire                  Conj/Fire      100%       2x1d9     1%          1
 Shock                    Conj/Air       100%       1d9       1%          1
 Summon Small Mammal      Summ           100%       N/A       1%          1
 Call Imp                 Summ           63%        N/A       1%          2
 Ensorcelled Hibernation  Hex/Ice        100%       N/A       1%          2
 Poisonous Vapours        Pois/Air       100%       N/A       1%          2
 Slow                     Hex            63%        N/A       1%          2
 Static Discharge         Conj/Air       66%        N/A       1%          2
 Call Canine Familiar     Summ           63%        N/A       1%          3
 Confusing Touch          Hex            63%        N/A       1%          3
 Conjure Flame            Conj/Fire      66%        6-21      1%          3
 Gell's Gravitas          Tloc           31%        N/A       1%          3
 Inner Flame              Hex/Fire       63%        N/A       1%          3
 Portal Projectile        Hex/Tloc       100%       N/A       1%          3
 Summon Guardian Golem    Hex/Summ       63%        N/A       1%          3
 Swiftness                Air            63%        N/A       1%          3
 Tukima's Dance           Hex            63%        N/A       1%          3
 Passage of Golubria      Tloc           N/A        N/A       1%          4
 Petrify                  Tmut/Erth      63%        N/A       1%          4
 Sticky Flame             Conj/Fire      66%        2d8       1%          4
 Summon Ice Beast         Ice/Summ       63%        N/A       1%          4
 Lightning Bolt           Conj/Air       33%        1d50      1%          5
 Manifold Assault         Tloc           63%        N/A       1%          5
 Yara's Violent Unravell  Hex/Tmut       31%        3d13      1%          5
 Dispersal                Tloc           31%        N/A       6%          6
 Summon Hydra             Summ           31%        N/A       34%         7
 Disjunction              Tloc           31%        N/A       95%         8


Dungeon Overview and Level Annotations

Branches:
Dungeon (15/15)            Temple (0/1) D:5            Lair (6/6) D:8
  Swamp (0/4) Lair:3        Snake (4/4) Lair:3        Slime (0/5) Lair:5
    Orc (2/2) D:10            Elf (3/3) Orc:2        Vaults (0/5) D:14
 Depths (0/5) D:15         Bailey (visited)

Altars:
Dithmenos
Fedhas
Hepliaklqana
Kikubaaqudgha
Makhleb
Nemelex Xobeh
Qazlal
Trog
Beogh
Jiyva

Shops:
D:1 :   D:2 (   D:9 *?   D:10 *   D:11 :   Orc:2 ?(?   Elf:2 =   Snake:1 *([![*
Snake:2 ??*(   Snake:4 ?

Portals:
Abyss: Lair:3
Trove: D:13 (give horn of Geryon)
Ice
Cave: Elf:3

Annotations:
D:3 1 runed translucent door, Crazy Yiuf
Lair:3 2 transporters, dolemite99's ghost, journeyman MiBe
Snake:2 2 transporters, Tuffe's ghost, adept FoFi
Snake:3 1 runed translucent door, Sobieck's ghost, adept OgBe
Elf:2 3 runed translucent doors


Innate Abilities, Weirdness & Mutations

You have very sharp teeth.
Your uncanny sense of smell can sniff out nearby items.
Your experience applies equally to all skills.


Message History

The +5 scimitar of electrocution slams into the rock wall!
The +5 scimitar of electrocution completely misses you.
Your hell rat is engulfed in noxious fumes.
Your hell rat appears confused.
The +5 scimitar of electrocution misses you.
A briar patch grows up from the ground. x7
The deep elf zephyrmancer seems less confused.
The +5 scimitar of electrocution closely misses you.
Your hell rat closely misses the fire elemental.
Unknown command.
You walk carefully through the plants.
The +5 scimitar of electrocution hits you!
* * * LOW HITPOINT WARNING * * *
The deep elf zephyrmancer gestures at you while chanting.
The bolt of lightning hits your briar patch!
The bolt of lightning hits you!!
* * * LOW HITPOINT WARNING * * *
The bolt of lightning hits your briar patch!!
The bolt of lightning hits your briar patch!
The bolt of lightning hits your briar patch!!
Your briar patch is destroyed!
The bolt of lightning hits you!
* * * LOW HITPOINT WARNING * * *
The bolt of lightning hits your briar patch!!
Your briar patch is destroyed!
The bolt of lightning hits your briar patch!!
Your briar patch is destroyed!
Your hell rat barely misses the deep elf zephyrmancer.
Okay, then.
Casting: Iskenderun's Mystic Blast (safe; 1% risk of failure)
Confirm with . or Enter, or press ? or * to list all spells.
Okay, then.
Okay, then.
Blink to where?
Press: ? - help, Dir - move target, p - deep elf zephyrmancer
As you read the scroll of blinking, it crumbles to dust.
The deep elf zephyrmancer casts a spell at you.
The bolt of lightning hits you!!
You die...
Fedhas appreciates your contribution to the ecosystem.

#........ #.
###...####. #. ...
........ ##. #....
....... ..## ##..
#..... ..#.#..##
#.### #. #.#.#e
#... #.###..#. #..#
#.@#.#.#.#### ##..#
#.........PP###.#)#
###......(..##..#.#
#.......PP○.#.#.#
#......erE°.....#
.......e....^....
#.......#.°##e###
#..........○..#
#.....#.∩.#.)P#


You could see a deep elf archer (repels missiles), a deep elf zephyrmancer (very
poisoned) and a +5 scimitar of electrocution.

Vanquished Creatures
  2 nagarajas (Snake:4)
  4 orc warlords
  Aizul (Snake:4)
  A deep elf sorcerer (Elf:3)
  2 deep elf demonologists
  2 deep elf annihilators (Elf:1)
  Nessos (Lair:6)
  Azrael (Orc:2)
  Snorg (Orc:2)
  A fire dragon (Lair:6)
  Josephine (D:10)
  A deep elf high priest (Elf:1)
  7 naga warriors
  3 salamander tyrants (Snake:4)
  A catoblepas (Lair:6)
  5 boulder beetles
  2 centaur warriors (D:15)
  An ogre mage (D:14)
  A death knight (D:15)
  13 anacondas
  4 hydras
  4 dancing weapons
  4 death yaks (Lair:3)
  6 two-headed ogres
  10 naga sharpshooters
  5 orc high priests
  Sonja (D:9)
  8 shock serpents
  A fire crab (Lair:6)
  9 deep elf knights
  11 salamander mystics
  2 skeletal warriors (D:15)
  A swamp dragon (Lair:6)
  A lindwurm (shapeshifter) (D:15)
  4 naga ritualists
  A deep troll (D:10)
  32 deep elf pyromancers
  A phantasmal warrior (D:15)
  8 orc knights
  14 deep elf archers
  6 ugly things
  5 lindwurms
  15 mana vipers
  34 deep elf zephyrmancers
  6 orc sorcerers
  6 cyclopes
  3 manticores
  A water nymph (shapeshifter) (Elf:1)
  11 elephants
  16 salamanders
  42 black mambas
  5 guardian serpents (Snake:4)
  10 cane toads
  8 naga magi
  6 rime drakes
  A komodo dragon (shapeshifter) (D:14)
  3 kobold demonologists
  2 efreet
  13 komodo dragons
  A yaktaur (D:15)
  10 polar bears
  8 trolls
  3 meliai (D:14)
  A hornet (D:10)
  24 blink frogs
  6 slime creatures
  3 raiju (Lair:6)
  10 wyverns
  3 spriggans
  4 air elementals
  2 water elementals (Elf:2)
  10 wraiths
  10 basilisks
  43 yaks
  5 fire elementals
  26 wolves
  Grum (D:10)
  5 steam dragons
  8 vampire mosquitoes
  3 acid dragons
  3 swamp worms (Lair:3)
  16 hell hounds
  8 wargs
  17 nagas
  12 water moccasins
  2 hydra simulacra (Lair:4)
  2 sky beasts (D:7)
  A black bear (shapeshifter) (Elf:1)
  60 orc warriors
  A boulder beetle simulacrum (Lair:4)
  16 ogres
  A swamp drake (Lair:6)
  3 necrophages
  15 black bears
  7 centaurs
  A phantom (D:5)
  4 kobold brigands
  11 bullfrogs
  3 earth elementals (Elf:2)
  A scorpion (D:5)
  A water moccasin skeleton (D:5)
  14 killer bees
  10 wights
  2 electric eels
  12 howler monkeys
  A bullfrog zombie (D:5)
  4 centaur zombies
  3 jellies
  37 orc priests
  A gnoll shaman (D:4)
  4 iguanas
  Jessica (D:3)
  18 orc wizards
  12 hell rats (Lair:4)
  The ghost of Fronzalo the Sneak, a weakling SpBr (D:3)
  2 howler monkey zombies
  A hound skeleton (D:4)
  7 adders
  15 gnolls
  A shadow imp (D:6)
  A white imp (D:7)
  2 ufetubi
  An adder skeleton (D:4)
  A worm (D:2)
  5 dart slugs
  107 orcs
  8 ball pythons
  9 endoplasms
  4 giant cockroaches
  34 goblins
  26 hobgoblins
  6 jackals
  24 kobolds
  3 quokkas (D:1)
  6 bats
  3 frilled lizards
  A quokka skeleton (D:4)
  6 rats
  7 ballistomycete spores
1142 creatures vanquished.

Vanquished Creatures (collateral kills)
  Rupert (Lair:6)
  The ghost of Jysajome the Bludgeoner, an adept OgCj of Ashenzari (Lair:4)
  An emperor scorpion (D:15)
  A hydra (Lair:4)
  A naga warrior (Snake:4)
  A salamander mystic (Snake:3)
  A spectral boulder beetle (Lair:4)
  A deep elf pyromancer (Elf:1)
  A manticore (D:13)
  2 trolls
  A wraith (D:11)
  2 orc warriors (Orc:2)
  A centaur (D:10)
  A bullfrog (Lair:1)
  An orc priest (Orc:2)
  A river rat (shapeshifter) (D:15)
  166 ballistomycete spores
184 creatures vanquished.

Vanquished Creatures (others)
  2 deep elf knights
  2 oklob plants (Lair:1)
  A deep elf zephyrmancer (Orc:1)
  A yak (Lair:1)
  2 water moccasins (Lair:1)
  An orc warrior (Orc:2)
  A human (D:9)
  A wolf (Lair:1)
  A bullfrog (Lair:1)
  8 ballistomycete spores
  14 fulminant prisms
  68 fungi
  159 plants
  7 withered plants (D:1)
268 creatures vanquished.

Grand Total: 1594 creatures vanquished

Notes
Turn   | Place    | Note
-------+----------+-------------------------------------------
     0 | D:1      | Zonian the Gnoll Conjurer began the quest for the Orb.
     0 | D:1      | Reached XP level 1. HP: 13/13 MP: 6/6
   448 | D:1      | Reached XP level 2. HP: 19/19 MP: 4/7
   953 | D:1      | Reached XP level 3. HP: 17/25 MP: 1/9
   990 | D:1      | Reached skill level 5 in Spellcasting
  1199 | D:1      | Found Vaxtots's Book Shoppe.
  1426 | D:1      | Found a faded altar of an unknown god.
  1430 | D:1      | Became a worshipper of Fedhas Madash
  1430 | D:1      | Reached * piety under Fedhas
  1504 | D:1      | Reached skill level 1 in Invocations
  2371 | D:1      | Reached skill level 1 in Fighting
  2371 | D:1      | Reached skill level 1 in Short Blades
  2371 | D:1      | Reached skill level 1 in Long Blades
  2371 | D:1      | Reached skill level 1 in Axes
  2371 | D:1      | Reached skill level 1 in Maces & Flails
  2371 | D:1      | Reached skill level 1 in Polearms
  2371 | D:1      | Reached skill level 1 in Staves
  2371 | D:1      | Reached skill level 1 in Slings
  2371 | D:1      | Reached skill level 1 in Bows
  2371 | D:1      | Reached skill level 1 in Crossbows
  2371 | D:1      | Reached skill level 1 in Throwing
  2371 | D:1      | Reached skill level 1 in Armour
  2371 | D:1      | Reached skill level 1 in Shields
  2371 | D:1      | Reached skill level 1 in Unarmed Combat
  2371 | D:1      | Reached skill level 1 in Evocations
  2644 | D:2      | Reached XP level 4. HP: 24/32 MP: 7/11
  2854 | D:2      | Learned a level 2 spell: Searing Ray
  2858 | D:2      | Learned a level 3 spell: Dazzling Flash
  3272 | D:2      | Reached ** piety under Fedhas
  3442 | D:2      | Reached skill level 1 in Hexes
  3442 | D:2      | Reached skill level 1 in Summonings
  3442 | D:2      | Reached skill level 1 in Necromancy
  3442 | D:2      | Reached skill level 1 in Translocations
  3442 | D:2      | Reached skill level 1 in Transmutations
  3442 | D:2      | Reached skill level 1 in Fire Magic
  3442 | D:2      | Reached skill level 1 in Ice Magic
  3442 | D:2      | Reached skill level 1 in Air Magic
  3442 | D:2      | Reached skill level 1 in Earth Magic
  3442 | D:2      | Reached skill level 1 in Poison Magic
  3560 | D:2      | Found Tarism's Weapon Shoppe.
  4159 | D:3      | Noticed an orc warrior
  4162 | D:3      | Reached XP level 5. HP: 37/37 MP: 8/12
  4748 | D:3      | Noticed Jessica
  4750 | D:3      | Killed Jessica
  5084 | D:2      | Killed an orc warrior
  5085 | D:2      | Reached XP level 6. HP: 10/44 MP: 5/14
  5747 | D:3      | Found a large runed translucent door.
  5750 | D:3      | Found a large runed translucent door.
  5751 | D:3      | Noticed Fronzalo's ghost (weakling SpBr)
  5793 | D:3      | Reached skill level 5 in Dodging
  6075 | D:3      | You fall into a shaft and drop 2 floors!
  6075 | D:5      | Entered Level 5 of the Dungeon
  6113 | D:4      | Found a stormy altar of Qazlal.
  6772 | D:4      | Reached XP level 7. HP: 50/50 MP: 7/15
  8209 | D:5      | Reached skill level 5 in Stealth
  8222 | D:5      | Learned a level 3 spell: Mephitic Cloud
  8440 | D:5      | Reached *** piety under Fedhas
  8753 | D:5      | Reached XP level 8. HP: 57/57 MP: 16/16
  9064 | D:5      | Found a staircase to the Ecumenical Temple.
  9151 | D:5      | Identified the +5 hand axe of Decaying Prudence {vorpal,
                  | *Corrode Str+3 Stlth+}
  9268 | D:5      | Found a burning altar of Makhleb.
  9268 | D:5      | Found a shadowy altar of Dithmenos.
  9268 | D:5      | Found a bloodstained altar of Trog.
  9274 | D:5      | Found a sparkling altar of Nemelex Xobeh.
  9363 | D:6      | Identified a scroll of acquirement
  9363 | D:6      | Acquired a +1 helmet of see invisible
 10640 | D:7      | Identified the +1 robe of Vooc {Will- Dex-4 SInv Stlth+}
 10686 | D:7      | Reached XP level 9. HP: 64/65 MP: 18/18
 11769 | D:8      | Noticed a komodo dragon
 11792 | D:8      | Killed a komodo dragon
 12045 | D:8      | Found a staircase to the Lair.
 13004 | Lair:1   | Entered Level 1 of the Lair of Beasts
 13436 | Lair:1   | Learned a level 4 spell: Iskenderun's Mystic Blast
 13441 | Lair:1   | Learned a level 4 spell: Fulminant Prism
 13492 | Lair:1   | Noticed a cane toad
 13506 | Lair:1   | Killed a cane toad
 13507 | Lair:1   | Reached skill level 5 in Invocations
 13620 | Lair:1   | Noticed a komodo dragon
 13627 | Lair:1   | Killed a komodo dragon
 13628 | Lair:1   | Reached XP level 10. HP: 73/73 MP: 20/20
 13982 | Lair:1   | Noticed a black mamba
 13990 | Lair:1   | HP: 3/73 [black mamba (10)]
 14049 | Lair:1   | Reached skill level 5 in Fighting
 14049 | Lair:1   | Reached skill level 5 in Short Blades
 14049 | Lair:1   | Reached skill level 5 in Long Blades
 14049 | Lair:1   | Reached skill level 5 in Axes
 14049 | Lair:1   | Reached skill level 5 in Maces & Flails
 14049 | Lair:1   | Reached skill level 5 in Polearms
 14049 | Lair:1   | Reached skill level 5 in Staves
 14049 | Lair:1   | Reached skill level 5 in Slings
 14049 | Lair:1   | Reached skill level 5 in Bows
 14049 | Lair:1   | Reached skill level 5 in Crossbows
 14049 | Lair:1   | Reached skill level 5 in Throwing
 14049 | Lair:1   | Reached skill level 5 in Armour
 14049 | Lair:1   | Reached skill level 5 in Shields
 14049 | Lair:1   | Reached skill level 5 in Unarmed Combat
 14049 | Lair:1   | Reached skill level 5 in Evocations
 14242 | Lair:1   | Noticed a cane toad
 14250 | Lair:1   | Killed a cane toad
 14568 | Lair:1   | Noticed a cane toad
 14577 | Lair:1   | Killed a cane toad
 14742 | Lair:1   | Identified the +0 ring mail of the Realm of Zot {Rampage
                  | rPois Int+2 Dex-5}
 14829 | Lair:1   | Noticed an oklob plant
 14829 | Lair:1   | Noticed an oklob plant
 14839 | Lair:1   | Killed an oklob plant
 14847 | Lair:1   | Killed an oklob plant
 14906 | Lair:1   | Killed a black mamba
 15166 | Lair:1   | Noticed an oklob plant
 15188 | Lair:1   | Identified the amulet "Oguemop" {Acrobat Slay+2}
 16679 | Lair:2   | Reached **** piety under Fedhas
 16857 | Lair:2   | Reached XP level 11. HP: 71/81 MP: 22/22
 16885 | Lair:2   | Reached skill level 5 in Hexes
 16885 | Lair:2   | Reached skill level 5 in Summonings
 16885 | Lair:2   | Reached skill level 5 in Necromancy
 16885 | Lair:2   | Reached skill level 5 in Translocations
 16885 | Lair:2   | Reached skill level 5 in Transmutations
 16885 | Lair:2   | Reached skill level 5 in Fire Magic
 16885 | Lair:2   | Reached skill level 5 in Ice Magic
 16885 | Lair:2   | Reached skill level 5 in Air Magic
 16885 | Lair:2   | Reached skill level 5 in Earth Magic
 16885 | Lair:2   | Reached skill level 5 in Poison Magic
 17694 | Lair:2   | Noticed a five-headed hydra
 18259 | Lair:3   | Found a staircase to the Snake Pit.
 19778 | Lair:3   | Found a staircase to the Swamp.
 19788 | Lair:3   | Found a transporter.
 19793 | Lair:3   | Noticed a white ugly thing
 19801 | Lair:3   | Noticed a hell hog
 19822 | Lair:3   | Noticed a spriggan rider
 19825 | Lair:3   | Noticed dolemite99's ghost (journeyman MiBe)
 19834 | Lair:3   | Noticed a worldbinder
 20895 | Lair:3   | Noticed a green very ugly thing
 20908 | Lair:3   | Found a transporter.
 20909 | Lair:3   | Found a one-way gate to the infinite horrors of the Abyss.
 21522 | Lair:4   | Noticed a death yak
 21524 | Lair:4   | Noticed a death yak
 21524 | Lair:4   | Noticed a death yak
 21524 | Lair:4   | Noticed a death yak
 21554 | Lair:3   | Killed a death yak
 21783 | Lair:4   | Noticed a lindwurm
 21783 | Lair:4   | Noticed a boulder beetle
 21946 | Lair:4   | Reached XP level 12. HP: 89/89 MP: 24/24
 22471 | Lair:3   | Killed a death yak
 22777 | Lair:3   | Learned a level 5 spell: Freezing Cloud
 23724 | Lair:4   | Noticed a six-headed hydra
 23735 | Lair:4   | Killed a six-headed hydra
 24811 | Lair:2   | Killed a five-headed hydra
 25807 | Lair:3   | Killed a death yak
 25985 | Lair:3   | Killed a death yak
 26353 | Lair:4   | Killed a boulder beetle
 26584 | Lair:4   | Found a runed translucent gate.
 26585 | Lair:4   | Found a runed translucent gate.
 26586 | Lair:4   | Found a runed translucent gate.
 26588 | Lair:4   | Noticed Jysajome's ghost (adept OgCj)
 26791 | Lair:4   | Reached XP level 13. HP: 98/98 MP: 26/26
 30283 | Lair:5   | Learned a level 4 spell: Summon Lightning Spire
 30731 | Lair:5   | Found a viscous altar of Jiyva.
 30731 | Lair:5   | Found a staircase to the Slime Pits.
 31497 | Lair:5   | Upgraded the game from 0.27-a0-1334-g2746e35aca to
                  | 0.27-a0-1347-gd8886f0a89
 31534 | Lair:6   | Entered Level 6 of the Lair of Beasts
 31534 | Lair:6   | Noticed Nessos
 31563 | Lair:6   | Reached skill level 10 in Conjurations
 31836 | Lair:6   | Killed Nessos
 34969 | Lair:6   | Noticed Rupert
 34969 | Lair:6   | Paralysed by Rupert for 5 turns
 35433 | D:3      | Killed Fronzalo's ghost
 35529 | D:3      | Found a runed translucent door.
 35530 | D:3      | Noticed Crazy Yiuf
 35745 | D:1      | Bought a book of Flames for 385 gold pieces
 35751 | D:1      | Learned a level 5 spell: Fireball
 37111 | D:9      | Found Udas's Elemental Accessories.
 37129 | D:9      | Reached skill level 10 in Spellcasting
 37144 | D:9      | Bought a lightning rod (4/4) for 390 gold pieces
 37549 | D:9      | Found an ancient bone altar of Kikubaaqudgha.
 38178 | D:9      | Found a faded altar of an unknown god.
 38180 | D:9      | Found a hazy altar of Hepliaklqana.
 38474 | D:9      | Found Laol's Magic Scroll Shoppe.
 38506 | D:9      | Bought a scroll of blinking for 97 gold pieces
 38506 | D:9      | Bought a scroll of fear for 45 gold pieces
 38560 | D:10     | Entered Level 10 of the Dungeon
 38747 | D:10     | Noticed Sonja
 38761 | D:9      | Killed Sonja
 39061 | D:10     | Reached XP level 14. HP: 106/106 MP: 28/28
 39211 | D:10     | Found the amulet of Vitality {Regen+ HP+15}
 39419 | D:10     | Noticed Grum
 39431 | D:10     | Killed Grum
 39571 | D:10     | Found Seagyusi's Assorted Antiques.
 39641 | D:10     | Reached skill level 10 in Dodging
 39703 | D:10     | Found a staircase to the Orcish Mines.
 40001 | D:10     | Noticed Josephine
 40014 | D:10     | Killed Josephine
 40635 | D:11     | Reached ***** piety under Fedhas
 40931 | D:11     | Found Taemi's Book Shoppe.
 40935 | D:11     | Bought a book of Minor Magic for 220 gold pieces
 40938 | D:11     | Learned a level 2 spell: Blink
 41030 | D:11     | Reached skill level 10 in Stealth
 41911 | D:12     | Found a flagged portal.
 41924 | Bailey   | Entered a bailey
 42619 | Bailey   | Reached skill level 10 in Invocations
 42754 | Bailey   | Identified the ring "Ixtoegaj" {rF+ rN+ rCorr Int-3 Slay+5}
 42851 | Bailey   | Noticed an orc warlord
 42887 | Bailey   | Killed an orc warlord
 43041 | Bailey   | Reached XP level 15. HP: 114/114 MP: 29/29
 43783 | D:12     | You fall into a shaft and drop 2 floors!
 45559 | D:13     | Acquired the Catalogue of the Spatial Entourage
 46014 | D:13     | Identified the +2 robe of Urghol {Str+2 Int+2 SInv}
 46488 | D:13     | Found a portal to a secret trove of treasure.
 47430 | D:14     | Found a gate to the Vaults.
 48094 | D:14     | Identified the +11 mace of Ogait {chaos, Int+5 Stlth+}
 49370 | D:15     | Entered Level 15 of the Dungeon
 49503 | D:15     | Noticed an emperor scorpion
 49548 | D:15     | Killed an emperor scorpion
 49549 | D:15     | Reached skill level 10 in Fighting
 49549 | D:15     | Reached skill level 10 in Short Blades
 49549 | D:15     | Reached skill level 10 in Long Blades
 49549 | D:15     | Reached skill level 10 in Axes
 49549 | D:15     | Reached skill level 10 in Maces & Flails
 49549 | D:15     | Reached skill level 10 in Polearms
 49549 | D:15     | Reached skill level 10 in Staves
 49549 | D:15     | Reached skill level 10 in Slings
 49549 | D:15     | Reached skill level 10 in Bows
 49549 | D:15     | Reached skill level 10 in Crossbows
 49549 | D:15     | Reached skill level 10 in Throwing
 49549 | D:15     | Reached skill level 10 in Armour
 49549 | D:15     | Reached skill level 10 in Shields
 49549 | D:15     | Reached skill level 10 in Unarmed Combat
 49549 | D:15     | Reached skill level 10 in Evocations
 49907 | D:15     | Reached XP level 16. HP: 122/122 MP: 30/31
 50716 | D:15     | Found a staircase to the Depths.
 51270 | Lair:4   | Killed Jysajome's ghost
 51689 | Lair:6   | Killed Rupert
 54300 | Orc:1    | Entered Level 1 of the Orcish Mines
 54690 | D:10     | Learned a level 5 spell: Metabolic Englaciation
 57743 | Orc:2    | Entered Level 2 of the Orcish Mines
 58022 | Orc:2    | Noticed Azrael
 58036 | Orc:2    | Killed Azrael
 59019 | Orc:2    | Found Mimog's Magic Scroll Boutique.
 59034 | Orc:2    | Reached XP level 17. HP: 130/130 MP: 32/32
 59285 | Orc:2    | Found Guneakh's Antique Weapon Shop.
 59394 | Orc:2    | Noticed Snorg
 59413 | Orc:2    | Killed Snorg
 59711 | Orc:2    | Reached ****** piety under Fedhas
 59713 | Orc:2    | Identified the ring of the Voivode {EV+4 Int+7 Dex+2}
 60511 | Orc:2    | Found a staircase to the Elven Halls.
 61908 | Orc:2    | Found Doillol's Armour Shop.
 62635 | Orc:2    | Found Cohony's Magic Scroll Shoppe.
 63360 | Snake:1  | Entered Level 1 of the Snake Pit
 63402 | Snake:1  | Found Jejemoaz's General Store.
 63409 | Snake:1  | Bought a condenser vane for 680 gold pieces
 63446 | Snake:1  | Found Daeblax's Antique Armour Shoppe.
 63448 | Snake:1  | Found Yfujin's Distillery.
 63450 | Snake:1  | Found Okiommom's Armour Shoppe.
 63457 | Snake:1  | Bought a potion of heal wounds for 75 gold pieces
 63457 | Snake:1  | Bought a potion of curing for 45 gold pieces
 63457 | Snake:1  | Bought a potion of curing for 45 gold pieces
 63457 | Snake:1  | Bought a potion of curing for 45 gold pieces
 63457 | Snake:1  | Bought a potion of haste for 150 gold pieces
 63459 | Snake:1  | Bought the +2 ratskin cloak {*Rats rPois rN+ Str-1 Int-1
                  | Dex+1} for 417 gold pieces
 63459 | Snake:1  | Found the +2 ratskin cloak {*Rats rPois rN+ Str-1 Int-1
                  | Dex+1}
 63864 | Snake:1  | Found Taisoch's Weapon Emporium.
 64049 | Snake:1  | Found Ysin's Assorted Antiques.
 64066 | Snake:1  | Bought a white potion for 25 gold pieces
 65624 | Snake:2  | Found a transporter.
 65629 | Snake:2  | Noticed Tuffe's ghost (adept FoFi)
 65870 | Snake:2  | Found Kimuik's Assorted Antiques.
 65872 | Snake:2  | Found Uselani's Weapon Emporium.
 65872 | Snake:2  | Found Abuumomo's Magic Scroll Shoppe.
 65877 | Snake:2  | Bought a glass wand for 132 gold pieces
 65877 | Snake:2  | Bought an amethyst potion for 29 gold pieces
 65884 | Snake:2  | Found Luroont's Magic Scroll Shoppe.
 66402 | Snake:2  | Found a transporter.
 66414 | Snake:2  | Identified the +1 long sword "Nic Leo" {venom, Fragile rF+
                  | rN+ Str+2}
 69548 | Snake:3  | Found a runed translucent door.
 69593 | Snake:3  | Noticed Sobieck's ghost (adept OgBe)
 70757 | Snake:3  | Reached XP level 18. HP: 74/138 MP: 24/34
 71327 | Snake:4  | Entered Level 4 of the Snake Pit
 71327 | Snake:4  | Found Vuron's Magic Scroll Shop.
 71578 | Snake:4  | Noticed Aizul
 71605 | Snake:4  | Killed Aizul
 72096 | Snake:4  | Reached skill level 10 in Hexes
 72096 | Snake:4  | Reached skill level 10 in Summonings
 72096 | Snake:4  | Reached skill level 10 in Necromancy
 72096 | Snake:4  | Reached skill level 10 in Translocations
 72096 | Snake:4  | Reached skill level 10 in Transmutations
 72096 | Snake:4  | Reached skill level 10 in Fire Magic
 72096 | Snake:4  | Reached skill level 10 in Ice Magic
 72096 | Snake:4  | Reached skill level 10 in Air Magic
 72096 | Snake:4  | Reached skill level 10 in Earth Magic
 72096 | Snake:4  | Reached skill level 10 in Poison Magic
 75473 | Snake:4  | Got a serpentine rune of Zot
 75822 | Lair:3   | Learned a level 4 spell: Airstrike
 76040 | Elf:1    | Entered Level 1 of the Elven Halls
 78832 | Elf:1    | Reached XP level 19. HP: 146/146 MP: 26/36
 80347 | Elf:2    | Found Doegiot's Jewellery Emporium.
 82782 | Elf:2    | Found a runed translucent gate.
 82789 | Elf:2    | Found a runed translucent gate.
 82790 | Elf:2    | Found a runed translucent gate.
 82887 | Elf:3    | Entered Level 3 of the Elven Halls
 82888 | Elf:3    | Acquired 723 gold pieces
 83179 | Elf:3    | Found a frozen archway.
 83210 | Elf:3    | HP: 6/163 [deep elf zephyrmancer/bolt of lightning (15)]
 83211 | Elf:3    | Killed from afar by a deep elf zephyrmancer

Illustrated notes

Levels and vault maps discovered:
D:1:      dpeg_cavernosity, layout_loops_ring,
          ebering_ecumenical_altar_petrified, serial_shops,
          nicolae_shop_waterfront, minivault_5, lexackson_kobold_supper
D:2:      layout_basic, serial_shops, nicolae_shop_waterfront,
          grunt_ministairs_7
D:3:      layout_rooms, ebering_ghost_disaster_area, guppyfry_early_orc_mine,
          uniq_jessica, uniq_crazy_yiuf_cottage
D:4:      layout_rooms, amcnicky_altar_gilded
D:5:      layout_cave_pools, minitemple, minmay_temple_entry_mini_moons
D:6:      layout_loops_ring
D:7:      layout_basic, serial_glass, glass_columns_a, glass_columns_a,
          minmay_strange_pillars, item_on_display_b
D:8:      layout_basic, david_lair_shrubbed, chequers_ossuary_entry_cave
D:9:      layout_roguey, beargit_hepliaklqana_dungeon_heroes, tgw_kikubaaqudgha,
          serial_shops, nicolae_shop_crystal, nicolae_elemental_shop
D:10:     layout_rooms, orc_0_dummy, serial_shops, shop,
          hellmonk_guarded_unrand_vitality_bloodlust, uniq_sonja,
          uniq_josephine, uniq_grum
D:11:     layout_gridville, serial_shops, nicolae_shop_behind_doors
D:12:     layout_roguey, enter_bailey_7
D:13:     layout_gridville, nicolae_trove_entry_crystal
D:14:     layout_stronghold, david_vaults_2, chequers_decorated_corner
D:15:     hangedman_depths_entry_try_elsewhere_first, layout_basic,
          minmay_misc_feat_x
Lair:1:   layout_long_grid, infiniplex_staircase_pool_2,
          minmay_lair_oklob_chamber
Lair:2:   layout_long_grid, chequers_serial_rivers_micro_e, beast_lair_carwin_3
Lair:3:   layout_regular_city, minmay_swamp_entry_worms, dummy_snake_entry,
          gammafunk_ghost_abyssal_escape, gauntlet_entry_generic,
          lemuel_fruit_fields
Lair:4:   layout_cave_pods, special_room [special_room_mythical_zoo],
          gammafunk_ghost_necromancy, serial_bayou_shore_a, grunt_megastairs_5
Lair:5:   layout_cave_shapes, slime_altar_1, forest_entry_grove,
          lemuel_fruit_fields, grunt_megastairs_4
Lair:6:   hangedman_lair_caniforms_friends, layout_hall_layers,
          guppyfry_lair_end_dragon, lemuel_fruit_tree,
          infiniplex_staircase_pool, uniq_nessos, uniq_rupert
Snake:1:  layout_onion_interference, serial_shops, shop,
          nicolae_shop_statue_plus, nicolae_shop_statue_plus,
          grunt_megastairs_2, minmay_shop_star
Snake:2:  layout_chambers, gammafunk_ghost_arena, grunt_megastairs_3,
          minmay_shoptagon
Snake:3:  layout_cave_shapes, ebering_ghost_inner_flame
Snake:4:  snake_pit_salamanders_mu, layout_grid_shapes, serial_shops,
          shop_coins, uniq_aizul
Orc:1:    orc_temple, layout_diamond_mine, elves_outpost_lemuel
Orc:2:    pubby_orc_utopia, uniq_azrael, uniq_snorg
Elf:1:    minmay_elf_arrival_summoners, layout_gridlike,
          hangedman_elf_represent, hex_intersection
Elf:2:    layout_gridlike, serial_shops, shop_statue
Elf:3:    minmay_elf_hall_dome, layout_loops_cross, serial_shops,
          nicolae_shop_waterfront, portal_ice_cave_entry_pillars_1,
          corexii_leaking_fountain

Skill      XL: |  1  2  3  4  5  6  7  8  9 10 11 12 13 14 15 16 17 18 19 |
---------------+----------------------------------------------------------+-----
Spellcasting   | 5 6 7 8 9 10 11 12 13 | 13.4
Invocations    | 1 2 3 4 5 6 7 8 9 10 11 12 13 | 13.6
Fighting       | 1 2 3 4 5 6 7 8 9 10 11 12 | 12.6
Short Blades   | 1 2 3 4 5 6 7 8 9 10 11 12 | 12.6
Long Blades    | 1 2 3 4 5 6 7 8 9 10 11 12 | 12.6
Axes           | 1 2 3 4 5 6 7 8 9 10 11 12 | 12.6
Maces & Flails | 1 2 3 4 5 6 7 8 9 10 11 12 | 12.6
Polearms       | 1 2 3 4 5 6 7 8 9 10 11 12 | 12.6
Staves         | 1 2 3 4 5 6 7 8 9 10 11 12 | 12.6
Slings         | 1 2 3 4 5 6 7 8 9 10 11 12 | 12.6
Bows           | 1 2 3 4 5 6 7 8 9 10 11 12 | 12.6
Crossbows      | 1 2 3 4 5 6 7 8 9 10 11 12 | 12.6
Throwing       | 1 2 3 4 5 6 7 8 9 10 11 12 | 12.6
Armour         | 1 2 3 4 5 6 7 8 9 10 11 12 | 12.6
Shields        | 1 2 3 4 5 6 7 8 9 10 11 12 | 12.6
Unarmed Combat | 1 2 3 4 5 6 7 8 9 10 11 12 | 12.6
Evocations     | 1 2 3 4 5 6 7 8 9 10 11 12 | 12.6
Hexes          | 1 2 3 4 5 6 7 8 9 10 | 10.8
Summonings     | 1 2 3 4 5 6 7 8 9 10 | 10.8
Necromancy     | 1 2 3 4 5 6 7 8 9 10 | 10.8
Translocations | 1 2 3 4 5 6 7 8 9 10 | 10.8
Transmutations | 1 2 3 4 5 6 7 8 9 10 | 10.8
Fire Magic     | 1 2 3 4 5 6 7 8 9 10 | 10.8
Ice Magic      | 1 2 3 4 5 6 7 8 9 10 | 10.8
Air Magic      | 1 2 3 4 5 6 7 8 9 10 | 10.8
Earth Magic    | 1 2 3 4 5 6 7 8 9 10 | 10.8
Poison Magic   | 1 2 3 4 5 6 7 8 9 10 | 10.8
Dodging        | 5 6 7 8 9 10 11 12 13 | 13.3
Stealth        | 5 6 7 8 9 10 11 12 13 | 13.2
Conjurations   | 8 9 10 11 12 | 12.6

Action                   |  1- 3 |  4- 6 |  7- 9 | 10-12 | 13-15 | 16-18 | 19-21 || total
-------------------------+-------+-------+-------+-------+-------+-------+-------++-------
Melee: Short sword       |       |     5 |       |       |       |       |       ||     5
       Spear             |       |       |    52 |   168 |    41 |     1 |       ||   262
       Hand axe          |       |       |     6 |       |    56 |       |       ||    62
       Bite              |       |       |     4 |    11 |    27 |   122 |    12 ||   176
       Punch             |       |       |       |     4 |     3 |       |       ||     7
       Demon whip        |       |       |       |       |   179 |   881 |   102 ||  1162
       Mace              |       |       |       |       |       |    17 |     1 ||    18
       Long sword        |       |       |       |       |       |     3 |     4 ||     7
 Fire: Hunting sling     |       |       |       |   110 |   179 |   275 |   110 ||   674
Throw: Javelin           |       |     2 |       |       |       |       |       ||     2
       Dart              |       |       |       |       |     1 |       |       ||     1
 Cast: Magic Dart        |    72 |    92 |   138 |   103 |   347 |   607 |    64 ||  1423
       Searing Ray       |       |    11 |    30 |    77 |    58 |    41 |     3 ||   220
       Iskenderun's Myst |       |       |       |    54 |   149 |   209 |    18 ||   430
       Mephitic Cloud    |       |       |       |    16 |    44 |    35 |     8 ||   103
       Fulminant Prism   |       |       |       |     5 |     5 |     4 |       ||    14
       Summon Lightning  |       |       |       |       |    11 |    10 |     2 ||    23
       Freezing Cloud    |       |       |       |       |     9 |    13 |       ||    22
       Dazzling Flash    |       |       |       |       |     2 |       |       ||     2
       Fireball          |       |       |       |       |    12 |    18 |     9 ||    39
       Metabolic Englaci |       |       |       |       |       |    25 |     3 ||    28
       Blink             |       |       |       |       |       |     7 |     1 ||     8
       Airstrike         |       |       |       |       |       |    31 |    28 ||    59
Invok: Wall of Briars    |       |     1 |     1 |    11 |    17 |     8 |     1 ||    39
       Grow Ballistomyce |       |       |       |       |    14 |    31 |     4 ||    49
       Overgrow          |       |       |       |       |     2 |     2 |       ||     4
Evoke: Wand              |       |       |       |    11 |    17 |    27 |     2 ||    57
       Lightning rod     |       |       |       |       |    10 |     9 |       ||    19
       Condenser vane    |       |       |       |       |       |     2 |     1 ||     3
  Use: Scroll            |       |     7 |    15 |     9 |    18 |     7 |     2 ||    58
       Potion            |       |     3 |     1 |     6 |     4 |     6 |     1 ||    21
 Stab: Sleeping          |       |       |       |     4 |     9 |     8 |     1 ||    22
       Confused          |       |       |       |     3 |     9 |    10 |     5 ||    27
       Distracted        |       |       |       |       |     1 |     2 |       ||     3
Armor: Robe              |     3 |     1 |    23 |    53 |    13 |   188 |    14 ||   295
       Leather armour    |       |       |       |       |   121 |       |       ||   121
Dodge: Dodged            |    18 |    12 |    65 |   247 |   307 |   609 |    76 ||  1334
Block: Buckler           |       |       |       |       |   119 |   316 |    41 ||   476

Table legend: (Time is in decaauts)
 A = Elapsed time spent in this place.
 B = Non-inter-level travel time spent in this place.
 C = Inter-level travel time spent in this place.
 D = Time resting spent in this place.
 E = Time spent auto-exploring this place.
 F = Levels seen in this place.
 G = Mean time per level.
                   A        B        C        D        E       F      G
               +--------+--------+--------+--------+--------+-----+--------+
         Total |  82598 |  79735 |   2863 |  47004 |  19912 |  31 | 2664.5 |
       Dungeon |  27462 |  26101 |   1361 |  13357 |   9509 |  15 | 1830.8 |
          Lair |  26259 |  25257 |   1002 |  16614 |   4007 |   6 | 4376.5 |
     Snake Pit |  12170 |  11909 |    261 |   6361 |   3523 |   4 | 3042.5 |
  Orcish Mines |   8760 |   8593 |    167 |   5470 |   1778 |   2 | 4380.0 |
   Elven Halls |   6361 |   6291 |     70 |   4129 |   1042 |   3 | 2120.3 |
        Bailey |   1584 |   1584 |      0 |   1071 |     52 |   1 | 1584.0 |
               +--------+--------+--------+--------+--------+-----+--------+

Top non-repeatable levels by time:
  Lair:3: 6377 daAuts
   Orc:2: 5770 daAuts
  Lair:4: 5760 daAuts
  Lair:5: 4903 daAuts
 Snake:4: 4261 daAuts
   Elf:1: 3950 daAuts
  Lair:2: 3713 daAuts
 Snake:2: 3332 daAuts
  Lair:6: 3011 daAuts
   Orc:1: 2989 daAuts
    D:14: 2708 daAuts
     D:1: 2699 daAuts
  Lair:1: 2494 daAuts
     D:2: 2393 daAuts
    D:13: 2351 daAuts
